 Dungeon Crawl Stone Soup version 0.21-a0-122-g43b3ea6 (webtiles) character file.

145 sagitran the Skirmisher (level 5, 0/63 HPs)
             Began as a Demonspawn Abyssal Knight on July 13, 2017.
             Was a Believer of Lugonu.
             Succumbed to a gnoll's poison
             ... on level 2 of the Dungeon.
             The game lasted 00:11:07 (2598 turns).

sagitran the Skirmisher (Demonspawn Abyssal Knight) Turns: 2598, Time: 00:11:08

Health: 0/63       AC: 22    Str: 12    XL:     5   Next: 6%
Magic:  7/7        EV:  2    Int: 14    God:    Lugonu [**....]
Gold:   127        SH:  0    Dex: 18    Spells: 4/4 levels left

rFire    . . .     SeeInvis .   a - +1 hand axe
rCold    . . .     Gourm    .   (no shield)
rNeg     + + +     Faith    .   (armour currently unavailable)
rPois    +         Spirit   .   (helmet currently unavailable)
rElec    .         Reflect  .   (cloak currently unavailable)
rCorr    .         Harm     .   (gloves currently unavailable)
MR       .....     NoTele   +   (boots currently unavailable)
Stlth    +++.......             (no amulet)
HPRegen  0.20/turn              (no ring)
MPRegen  0.10/turn              (no ring)

@: agile, lethally poisoned (0 -> -12), tree-form, hasted, very quick
A: powered by pain 1
a: Depart the Abyss, Bend Space, Renounce Religion


You were on level 2 of the Dungeon.
You worshipped Lugonu.
Lugonu was pleased with you.
You were completely stuffed.
You were a tree.
You visited 1 branch of the dungeon, and saw 4 of its levels.
You visited the Abyss 1 time.

You collected 127 gold pieces.

Inventory:

Hand Weapons
 a - a +1 hand axe (weapon)
 i - a +0 hunting sling
 n - a +0 dagger of speed
Missiles
 j - 89 stones (quivered)
Armour
 b - a +0 leather armour (melded)
 l - a +2 pair of boots (melded)
Scrolls
 e - a scroll of fear
 f - a scroll of amnesia
 h - a scroll of teleportation
 s - a scroll of immolation {unknown}
Comestibles
 c - 2 fruits
 k - a royal jelly
 m - a meat ration


   Skills:
 + Level 3.9 Fighting
 + Level 0.8 Short Blades
 + Level 3.1 Axes
 + Level 0.6 Slings
 + Level 2.0 Armour
 + Level 1.6 Dodging
 + Level 0.2 Stealth
 + Level 2.7 Invocations


You had 4 spell levels left.
You didn't know any spells.

Dungeon Overview and Level Annotations

Branches:
Dungeon (4/15)
 Temple: D:4-7

Altars:
Trog


Innate Abilities, Weirdness & Mutations

((You are partially covered in yellow scales. (AC +2)))
((Your flesh is cold resistant. (rC+)))
You sometimes gain a little power by taking damage.


Message History

You feel sick.
You eat one of the 2 meat rations.
That meat ration really hit the spot!
* * * LOW HITPOINT WARNING * * *
You feel sick.
You eat one of the 2 royal jellies.
That royal jelly was delicious!
* * * LOW HITPOINT WARNING * * *
You feel sick.
* * * LOW HITPOINT WARNING * * *
You feel sick.
* * * LOW HITPOINT WARNING * * *
You feel sick.
* * * LOW HITPOINT WARNING * * *
You feel sick.
* * * LOW HITPOINT WARNING * * *
You feel sick.
* * * LOW HITPOINT WARNING * * *
You feel sick.
* * * LOW HITPOINT WARNING * * *
You feel sick.
You die...

...........############
..#........)..........#
..#...................#
..#...................#
......................#
......................#
......................#
.................)....#
................♣).####
..........##.....†.#
...............#####
...............#..#
###......#.....#..#
###......#.....#..#
..#......#.....#..###
#.#......#####......#
....................#


There were no monsters in sight!

Vanquished Creatures
  5 adders (D:2)
  4 gnolls
  An ooze (D:1)
  A worm (D:2)
  6 bats
  3 giant cockroaches
  7 goblins
  5 hobgoblins
  9 jackals
  2 quokkas (D:2)
  A ball python (D:2)
  A frilled lizard (D:1)
  2 kobolds
  6 rats
53 creatures vanquished.

Notes
Turn   | Place    | Note
-------+----------+-------------------------------------------
     0 | Abyss:1  | sagitran the Demonspawn Abyssal Knight began the quest for the Orb.
     0 | Abyss:1  | Reached XP level 1. HP: 18/18 MP: 2/2
     8 | D:1      | Escaped the Abyss
    74 | D:2      | Found a bloodstained altar of Trog.
   526 | D:1      | Gained mutation: You sometimes gain a little power by taking damage. [demonic ancestry]
   526 | D:1      | Reached XP level 2. HP: 24/24 MP: 4/4
   578 | D:1      | Reached skill level 1 in Dodging
   734 | D:1      | Reached ** piety under Lugonu
  1100 | D:2      | Reached XP level 3. HP: 17/29 MP: 5/5
  1625 | D:2      | Gained mutation: You are partially covered in yellow scales. (AC +2) [demonic ancestry]
  1625 | D:2      | Reached XP level 4. HP: 32/37 MP: 6/6
  2583 | D:2      | HP: 2/55 [poisoned by a gnoll]
  2587 | D:2      | Gained mutation: Your flesh is cold resistant. (rC+) [demonic ancestry]
  2587 | D:2      | Reached XP level 5. HP: 12/42 MP: 7/7
  2594 | D:2      | HP: 3/63 [poisoned by a gnoll]
  2597 | D:2      | HP: 1/63 [poisoned by a gnoll]
  2598 | D:2      | Succumbed to a gnoll's poison

Vault maps used:
D:1:      scummos_arrival_simple_crosswalls
D:2:      nicolae_overflow_hidden_temple
D:4:      cheibrodos_pilgrimage, uniq_pikel, uniq_ijyb

Skill      XL: |  1  2  3  4 |
---------------+-------------+-----
Axes           | 2 3 |  3.1
Dodging        | 1 |  1.6
Armour         | 2 |  2.0
Fighting       | |  3.9
Short Blades   | |  0.8
Slings         | |  0.6
Stealth        | |  0.2
Invocations    | |  2.7

Action                   |  1- 3 |  4- 6 || total
-------------------------+-------+-------++-------
Melee: Hand axe          |    94 |    60 ||   154
       Dagger            |    55 |    35 ||    90
 Fire: Hunting sling     |     6 |     3 ||     9
  Use: Scroll            |       |     5 ||     5
       Potion            |       |     5 ||     5
  Eat: Royal jelly       |     1 |     1 ||     2
       Bread ration      |       |     1 ||     1
       Meat ration       |       |     1 ||     1
       Fruit             |       |     1 ||     1
Armor: Leather armour    |    66 |    39 ||   105
       Skin              |       |     2 ||     2
Dodge: Dodged            |    97 |    66 ||   163
